 Dungeon Crawl Stone Soup version 0.30-a0-476-g330ca2eb8e (webtiles) character file.

Game seed: 17832488916658392405

2610 bande the Cleaver (level 9, -3/55 HPs)
             Began as a Gargoyle Fighter on Dec 22, 2022.
             Slain by a gnoll sergeant
             ... wielding a +2 spear of flaming
              (8 damage)
             ... on level 8 of the Dungeon.
             The game lasted 00:13:41 (8339 turns).

bande the Cleaver (Gargoyle Fighter)                Turns: 8339, Time: 00:13:41

Health: -3/55      AC: 26    Str: 20    XL:     9   Next: 59%
Magic:  9/9        EV:  4    Int:  9    God:
Gold:   2529       SH:  9    Dex: 13    Spells: 8/8 levels left

rFire   . . .      SeeInvis .    a - +0 war axe (flame)
rCold   . . .      Faith    .    h - +0 kite shield
rNeg    + + .      Spirit   .    B - +0 plate armour
rPois   ∞          Reflect  .    n - +0 helmet
rElec   +          Harm     .    r - +0 cloak
rCorr   .          Rampage  .    i - +0 pair of gloves
Will    .....                    o - +2 pair of boots
Stlth   ..........               (no amulet)
HPRegen 0.29/turn                e - ring of positive energy
MPRegen 0.11/turn                y - ring of flight

@: flying
A: sickness immunity, AC +6, negative energy resistance 1, electricity
resistance, torment resistance 1, petrification resistance
a: no special abilities


You were on level 8 of the Dungeon.
You visited 2 branches of the dungeon, and saw 9 of its levels.
You also visited: Ossuary.

You collected 2529 gold pieces.

Inventory:

Hand Weapons
 a - a +0 war axe of flaming (weapon)
 q - a +0 war axe
Missiles
 z - a throwing net (quivered)
Armour
 h - a +0 kite shield (worn)
 i - a +0 pair of gloves (worn)
 n - a +0 helmet (worn)
 o - a +2 pair of boots (worn)
 r - a +0 cloak (worn)
 B - a +0 plate armour (worn)
Jewellery
 e - a ring of positive energy (left hand)
 y - a ring of flight (right hand)
Wands
 l - a wand of digging (17)
 u - a wand of mindburst (7)
 x - a wand of roots (9)
 A - a wand of flame (17)
Scrolls
 m - a scroll of identify
 s - 3 scrolls of silence
 t - 3 scrolls of teleportation
 w - a scroll of blinking
Potions
 b - a potion of invisibility
 c - a potion of ambrosia {unknown}
 d - 3 potions of might
 f - a potion of cancellation
 g - 3 potions of curing
 j - 2 potions of haste
 k - 2 potions of brilliance
 p - a potion of mutation
 v - 2 potions of flight


   Skills:
 + Level 6.1 Fighting
 + Level 8.3 Axes
 + Level 6.9 Armour
 + Level 5.2 Shields
 * Level 3.3 Evocations


You had 8 spell levels left.
You didn't know any spells.
Your spell library contained the following spells:

 Spells                   Type           Power      Damage    Failure   Level
 Beastly Appendage        Tmut           0%         N/A       100%        1
 Wereblood                Tmut           0%         N/A       100%        2
 Spider Form              Tmut/Pois      0%         N/A       100%        3


Dungeon Overview and Level Annotations

Branches:
Dungeon (8/15)             Temple (1/1) D:5         Ossuary (visited)
   Lair: D:8-11

Altars:
Ashenzari
Cheibriados
Dithmenos
Elyvilon
Gozag
Kikubaaqudgha
Makhleb
Nemelex Xobeh
Qazlal
Ru
Vehumet
Wu Jian
Xom
Yredelemnul
Zin
The Shining One


Innate Abilities, Weirdness & Mutations

You are immune to sickness and miasma.
Your stone body is resilient. (AC +6)
You are immune to poison.
You resist negative energy. (rN+)
You are resistant to electric shocks. (rElec)
You are resistant to unholy torment.
You are immune to petrification.


Message History

You kill the gnoll!
You barely miss the gnoll sergeant. You hit the gnoll. You burn the gnoll.
The gnoll hits you but does no damage.
The gnoll sergeant hits you with a +2 spear of flaming.
* * * LOW HITPOINT WARNING * * *
The gnoll sergeant burns you.
* * * LOW HITPOINT WARNING * * *
The gnoll hits you but does no damage.
You slash the gnoll! You burn the gnoll.
You kill the gnoll!
You hit the gnoll but do no damage. You slash the gnoll sergeant!
You burn the gnoll sergeant. You block the gnoll's attack.
The gnoll sergeant hits you but does no damage.
The gnoll hits you but does no damage. You block the gnoll sergeant's attack.
Unknown command.
You block the gnoll's attack. You block the gnoll sergeant's attack.
Things that are here:
a +0 whip; a +0 club; a gnoll corpse You barely miss the gnoll.
The gnoll is moderately wounded.
You hit the gnoll sergeant. You burn the gnoll sergeant.
The gnoll barely misses you. The gnoll sergeant barely misses you.
You slash the gnoll! You burn the gnoll.
You kill the gnoll!
You hit the gnoll sergeant. You burn the gnoll sergeant.
The gnoll sergeant hits you but does no damage.
Unknown command.
The gnoll sergeant hits you but does no damage.
You see here a +0 flail.
You hit the gnoll sergeant but do no damage.
The gnoll sergeant is almost dead.
The gnoll sergeant hits you but does no damage.
You barely miss the gnoll sergeant.
The gnoll sergeant is almost dead.
You block the gnoll sergeant's attack.
The gnoll sergeant hits you but does no damage.
You hit the gnoll sergeant. You burn the gnoll sergeant.
The gnoll sergeant is almost dead.
The gnoll sergeant hits you with a +2 spear of flaming!
You die...

#########
#.......#
#.......#
#=.@g...#
#<))....#
#..).......#
#.......##..
####.####
..>. .....
......
.......


You could see a gnoll sergeant.

Vanquished Creatures
  2 wraiths (Ossuary)
  Menkaure (D:6)
  A water moccasin (D:5)
  An ice beast (D:6)
  An ogre (D:6)
  2 centaurs
  A kobold brigand (D:7)
  A phantom (D:6)
  2 gnoll sergeants (D:7)
  4 scorpions
  5 wights
  2 hounds
  2 jellies
  6 orc priests
  Jessica (D:2)
  3 iguanas
  3 orc wizards
  Robin (D:1)
  20 gnolls
  10 adders
  2 shadow imps (D:6)
  3 white imps
  2 ufetubi
  An adder zombie (Ossuary)
  A worm (D:4)
  5 dart slugs
  19 orcs
  8 bats
  2 endoplasms
  2 giant cockroaches
  22 goblins
  15 hobgoblins
  6 jackals
  4 quokkas
  13 ball pythons
  2 ball python skeletons (Ossuary)
  A frilled lizard (D:2)
  A hobgoblin skeleton (Ossuary)
  2 hobgoblin zombies (Ossuary)
  10 kobolds
  2 orc skeletons (Ossuary)
  2 orc zombies (Ossuary)
  6 rats
200 creatures vanquished.

Notes
Turn   | Place    | Note
-------+----------+-------------------------------------------
     0 | D:1      | bande the Gargoyle Fighter began the quest for the Orb.
     0 | D:1      | Reached XP level 1. HP: 14/14 MP: 1/1
   282 | D:1      | Reached XP level 2. HP: 19/19 MP: 2/2
   592 | D:1      | Reached skill level 2 in Axes
   883 | D:2      | Noticed Robin
   884 | D:2      | Noticed Jessica
  1012 | D:1      | Reached XP level 3. HP: 8/23 MP: 3/3
  1416 | D:1      | Killed Robin
  1641 | D:2      | Killed Jessica
  1642 | D:2      | Reached XP level 4. HP: 29/29 MP: 4/4
  1725 | D:2      | Reached skill level 3 in Axes
  2281 | D:3      | Identified a scroll of acquirement
  2281 | D:3      | Acquired 931 gold pieces
  2431 | D:3      | Noticed an ogre
  2515 | D:3      | Reached XP level 5. HP: 33/33 MP: 5/5
  2724 | D:3      | Found a glowing silver altar of Zin.
  3071 | D:4      | Reached skill level 4 in Axes
  3076 | D:4      | Reached XP level 6. HP: 33/38 MP: 6/6
  3211 | D:4      | Found an ancient bone altar of Kikubaaqudgha.
  3297 | D:4      | Found a glowing golden altar of the Shining One.
  3780 | D:4      | Found a shadowy altar of Dithmenos.
  4075 | D:5      | Entered Level 5 of the Dungeon
  4075 | D:5      | Noticed a water moccasin
  4085 | D:5      | Reached skill level 5 in Axes
  4089 | D:5      | Killed a water moccasin
  4090 | D:5      | Reached XP level 7. HP: 43/44 MP: 7/7
  4091 | D:5      | Acquired 1043 gold pieces
  4268 | D:5      | Reached skill level 5 in Armour
  4337 | D:5      | Found a sand-covered staircase.
  4345 | Ossuary  | Entered an ossuary
  4434 | Ossuary  | Noticed a flying skull
  4434 | Ossuary  | Noticed a wraith
  4447 | Ossuary  | Noticed a flying skull
  4469 | Ossuary  | Noticed a flying skull
  4474 | Ossuary  | Noticed a wraith
  4486 | Ossuary  | Killed a wraith
  4487 | Ossuary  | Reached skill level 6 in Axes
  4667 | Ossuary  | Noticed a wraith
  4681 | Ossuary  | Killed a wraith
  4682 | Ossuary  | Reached XP level 8. HP: 37/48 MP: 8/8
  4729 | Ossuary  | Noticed a flying skull
  4811 | Ossuary  | Reached skill level 5 in Fighting
  5125 | D:5      | Found a staircase to the Ecumenical Temple.
  5154 | Temple   | Entered the Ecumenical Temple
  5502 | D:6      | Reached skill level 1 in Evocations
  5667 | D:6      | Reached skill level 7 in Axes
  5833 | D:6      | Noticed Menkaure
  5836 | D:6      | Killed Menkaure
  6097 | D:6      | Reached XP level 9. HP: 46/54 MP: 9/9
  7457 | D:7      | Found a sparkling altar of Nemelex Xobeh.
  7465 | D:7      | Reached skill level 8 in Axes
  7746 | D:7      | Reached skill level 5 in Shields
  8135 | D:7      | Found a sacrificial altar of Ru.
  8339 | D:8      | Slain by a gnoll sergeant

Illustrated notes

Levels and vault maps discovered:
D:1:      scummos_arrival_star, layout_basic
D:2:      layout_rooms, roderic_roman_lattice, minmay_stone_trees_small,
          uniq_robin, uniq_jessica
D:3:      layout_loops_ring, zin_statuary, lightli_corner_chamber
D:4:      cheibrodos_greedy_goblins, layout_basic, general_overflow_altar,
          mainiacjoe_overflow_small_starburst, kiku_gazebo_garden_becter,
          portal_sewer_entry_e, kennysheep_small_spiral,
          minmay_fractal_squares_gapless_5
D:5:      layout_cave_pools, minmay_temple_entry_proselytizer,
          lightli_ossuary_entry_decrepit_ruins
D:6:      layout_gridville, uniq_menkaure
D:7:      layout_cave_pools, nicolae_ru_awakened_eye, mainiacjoe_overflow_paths
D:8:      layout_rooms, mainiacjoe_overflow_surrounded_room,
          mainiacjoe_overflow_catwalk, mainiacjoe_overflow_alcove_4,
          nicolae_uskayaw_suspiria, uniq_maggie
Temple:   nicolae_temple_two_arcs

Skill      XL: |  1  2  3  4  5  6  7  8  9 |
---------------+----------------------------+-----
Axes           | 2 3 4 5 6 7 8 |  8.3
Armour         | 4 5 6 |  6.9
Fighting       | 4 5 6 |  6.1
Shields        | 4 5 |  5.2
Evocations     | 2 3 |  3.3

Action                   |  1- 3 |  4- 6 |  7- 9 || total
-------------------------+-------+-------+-------++-------
Melee: War axe           |    57 |   194 |   300 ||   551
  Use: Scroll            |       |    10 |     9 ||    19
Armor: Scale mail        |    50 |   121 |    47 ||   218
       Chain mail        |       |       |   115 ||   115
       Plate armour      |       |       |   153 ||   153
Dodge: Dodged            |    37 |   103 |   129 ||   269
Block: Buckler           |    19 |    50 |    66 ||   135
       Kite shield       |       |       |    63 ||    63

Table legend: (Time is in decaauts)
 A = Elapsed time spent in this place.
 B = Non-inter-level travel time spent in this place.
 C = Inter-level travel time spent in this place.
 D = Time resting spent in this place.
 E = Time spent auto-exploring this place.
 F = Levels seen in this place.
 G = Mean time per level.
                   A        B        C        D        E       F      G
               +--------+--------+--------+--------+--------+-----+--------+
         Total |   8513 |   8362 |    151 |   2084 |   4511 |  10 |  851.3 |
       Dungeon |   7831 |   7680 |    151 |   1916 |   4187 |   8 |  978.9 |
        Temple |    133 |    133 |      0 |      0 |    106 |   1 |  133.0 |
       Ossuary |    548 |    548 |      0 |    168 |    218 |   1 |  548.0 |
               +--------+--------+--------+--------+--------+-----+--------+

Top non-repeatable levels by time:
     D:6: 2061 daAuts
     D:1: 1652 daAuts
     D:4: 1297 daAuts
     D:7: 841 daAuts
     D:5: 737 daAuts
     D:3: 735 daAuts
 Ossuary: 548 daAuts
     D:2: 482 daAuts
  Temple: 133 daAuts
     D:8: 23 daAuts
